 Dungeon Crawl Stone Soup version 0.18-a0-1539-g1c7284a (webtiles) character file.

177 Duffy the Chopper (level 5, -5/41 HPs)
             Began as a Draconian Gladiator on Mar 9, 2016.
             Slain by a centaur (7 damage)
             ... on level 4 of the Dungeon.
             The game lasted 00:02:15 (3696 turns).

Duffy the Chopper (Draconian Gladiator)             Turns: 3696, Time: 00:02:15

Health: -5/41      AC:  6    Str: 17    XL:     5   Next: 30%
Magic:  5/5        EV:  9    Int:  9    God:
Gold:   152        SH:  7    Dex: 12    Spells: 0 memorised, 4 levels left

rFire  + . .     SeeInvis .     a - +0 war axe
rCold  . . .     Gourm    .     (armour unavailable)
rNeg   . . .     Faith    .     g - +0 shield
rPois  .         Spirit   .     b - +0 hat
rElec  .         Dismiss  .     i - +0 cloak
rCorr  .         Reflect  .     (no gloves)
SustAt .         Harm     .     (no boots)
MR     .....                    (no amulet)
Stlth  +.........               (no ring)
                                B - ring of protection from fire

@: not resistant to hostile enchantments, very unstealthy
A: unfitting armour, cold-blooded, AC +5
a: no special abilities


You were on level 4 of the Dungeon.
You were not hungry.

You visited 1 branch of the dungeon, and saw 4 of its levels.

You collected 152 gold pieces.


Innate Abilities, Weirdness & Mutations

Your plain brown scales are hard (AC +5).
Your body does not fit into most forms of armour.
You are cold-blooded and may be slowed by cold attacks.


   Skills:
 - Level 2.1 Fighting
 + Level 6.1 Axes
 - Level 1.7 Throwing
 - Level 2.6 Dodging


You had 4 spell levels left.
You didn't know any spells.

Inventory:

Hand Weapons
 a - a +0 war axe (weapon)
Missiles
 c - 2 throwing nets (quivered)
 n - 29 poisoned needles
Armour
 b - a +0 hat (worn)
 g - a +0 shield (worn)
 i - a +0 cloak (worn)
Jewellery
 B - a ring of protection from fire (left hand)
Scrolls
 f - 7 scrolls of identify {unknown}
 h - 3 scrolls of fear {unknown}
 k - 2 scrolls of immolation {unknown}
 l - 2 scrolls of magic mapping {unknown}
 t - a scroll of recharging {unknown}
 u - a scroll of blinking {unknown}
 v - a scroll of teleportation {unknown}
 w - a scroll of random uselessness {unknown}
 y - 2 scrolls of enchant weapon {unknown}
Potions
 e - a potion of haste {unknown}
 j - a potion of berserk rage {unknown}
 o - 2 potions of curing {unknown}
 p - 2 potions of brilliance {unknown}
 r - a potion of flight {unknown}
 x - a potion of lignification {unknown}
 A - a potion of heal wounds {unknown}
 C - a potion of agility {unknown}
Comestibles
 d - 3 bread rations
 m - 4 fruits
 s - 2 meat rations
 z - a beef jerky

Dungeon Overview and Level Annotations

Branches:
Dungeon (4/15)
 Temple: D:4-7

Altars:
Dithmenos
Trog
Xom


Message History

You are too injured to fight recklessly!
You are too injured to fight recklessly!
You are too injured to fight recklessly!
You are too injured to fight recklessly!
You are too injured to fight recklessly!
You are too injured to fight recklessly!
You are too injured to fight recklessly!
You are too injured to fight recklessly!
You hit the centaur.
The centaur is lightly wounded.
The centaur misses you. The centaur hits you.
You slash the centaur!
Your tail-slap misses the centaur.
The centaur is severely wounded.
The centaur hits you. The centaur completely misses you.
You barely miss the centaur.
The centaur is severely wounded.
The centaur hits you. The centaur hits you!
All of the chunks of flesh in your inventory have rotted away.
Throwing (i - inventory):
c - 3 throwing nets (quivered)
Press: ? - help, Shift-Dir - straight line, f - centaur
Aim: a centaur (severely wounded)
You throw a throwing net. The throwing net hits the centaur.
The centaur is caught in the net!
The centaur is severely wounded.
The centaur struggles against the net.
The helpless centaur fails to defend itself.
You hit the centaur.
The centaur is severely wounded.
The centaur struggles against the net.
The net rips apart, and the centaur comes free!
The centaur hits you.
Your shield prevents you from hitting the centaur.
The centaur is severely wounded.
The centaur completely misses you. The centaur hits you!
You die...

#........#.##
##.............
#..###......###
##.####...#..#
#.........#.##
#..####..##.# ##
#..# #..# .# #..
###..####..##.
#...##....@.......$
#......###.c....##
##.....# #..##.##
.....#...# #..# #
####...#.. ..##
##.......##
########


You could see a centaur.

Action                   |  1- 3 |  4- 6 || total
-------------------------+-------+-------++-------
Melee: War axe           |    98 |    99 ||   197
Throw: Throwing net      |       |     1 ||     1
 Stab: Sleeping          |     2 |     2 ||     4
       Held in net/web   |       |     1 ||     1
  Eat: Chunk             |     3 |     6 ||     9

Notes
Turn   | Place    | Note
--------------------------------------------------------------
     0 | D:1      | Duffy the Draconian Gladiator began the quest for the Orb.
     0 | D:1      | Reached XP level 1. HP: 17/17 MP: 1/1
     2 | D:1      | Noticed a ghoul
     2 | D:1      | Noticed a vine stalker
     2 | D:1      | Noticed a ghoul
     2 | D:1      | Noticed a vampire
     2 | D:1      | Noticed a vampire
     2 | D:1      | Noticed a ghoul
     2 | D:1      | Noticed a kraken
     2 | D:1      | Noticed an ogre
     2 | D:1      | Noticed a dwarf
     2 | D:1      | Noticed a draconian
     2 | D:1      | Noticed a gargoyle
     2 | D:1      | Noticed a troll
     2 | D:1      | Noticed a human
     2 | D:1      | Noticed a spriggan
     5 | D:1      | Killed a gargoyle
     7 | D:1      | Killed a vampire
    10 | D:1      | Killed an ogre
    10 | D:1      | Killed a dwarf
    10 | D:1      | Killed a vine stalker
    14 | D:1      | Killed a vampire
    15 | D:1      | Killed a ghoul
    15 | D:1      | Killed a ghoul
    16 | D:1      | Killed a spriggan
    17 | D:1      | Killed a ghoul
    19 | D:1      | Killed a draconian
    19 | D:1      | Killed a troll
    20 | D:1      | Killed a human
   241 | D:1      | Reached XP level 2. HP: 22/24 MP: 2/2
   536 | D:1      | Reached skill level 4 in Axes
   869 | D:2      | Reached XP level 3. HP: 22/29 MP: 3/3
  1039 | D:2      | Found a bloodstained altar of Trog.
  1669 | D:2      | Found a shadowy altar of Dithmenos.
  1983 | D:3      | Reached XP level 4. HP: 21/36 MP: 4/4
  2159 | D:3      | Reached skill level 5 in Axes
  2566 | D:3      | Found a shimmering altar of Xom.
  3209 | D:4      | Reached XP level 5. HP: 41/41 MP: 5/5
  3460 | D:4      | Reached skill level 6 in Axes
  3681 | D:4      | Noticed a centaur
  3696 | D:4      | Slain by a centaur

Vault maps used:
D:1:      nicolae_arrival_kraken_aquarium_b
D:2:      nicolae_dithmenos_shadow_blocks, first_bread, bloody_trog
D:3:      tgw_xom, roderic_roman_lattice, hangedman_feature_mirror
D:4:      minmay_temple_entry_enclosed_plants, okawaru_altar_gauntlet_db

Vanquished Creatures
  3 ghouls
  A draconian
  A gargoyle
  A vine stalker
  A troll
  A spriggan
  2 vampires
  A human
  A dwarf
  An ogre
  An iguana
  A mummy
  7 adders
  3 oozes
  An adder skeleton
  3 worms
  3 dart slugs
  4 orcs
  3 ball pythons
  7 bats
  3 giant cockroaches
  8 goblins
  3 hobgoblins
  3 quokkas
  A giant newt
  6 kobolds
  9 rats
  10 tentacles
  59 tentacle segments
148 creatures vanquished.
